Map: Blood Boil LE

Players

FenriR

  • Race: Zerg Zerg
  • League: Diamond
  • Spawn Location: 11:00

Robola - Winner!

  • Race: Terran Terran
  • League: Diamond
  • Spawn Location: 5:00

VOD

Have the link to the VOD?

Description

Time

  • Played on: June 4, 2017, 10:42 a.m.
  • Length: 12:03
Show
View Real Time Build Order
Export as new Build Order

FenriR Zerg 

Build Orders: Hatch First, Muta Ling Bane 

Get SALT Encoding   

  12  0:00  Unknown, Drone  
  13  0:14  Overlord  
  13  0:18  Drone  
  14  0:35  Drone x2  
  16  0:40  Drone  
  17  0:56  Hatchery  
  16  0:57  Drone  
  16  1:00  Drone  
  18  1:12  Extractor  
  18  1:16  Spawning Pool  
  16  1:20  Drone  
  16  1:22  Drone  
  18  1:30  Drone  
  19  1:45  Overlord  
  19  1:53  Drone  
  20  2:04  Queen  
  20  2:05  Zergling x2  
  20  2:08  Queen  
  25  2:09  Zergling x2  
  26  2:18  Metabolic Boost  
  26  2:34  Hatchery  
  24  2:53  Drone x5  
  24  2:54  Drone  
  30  3:05  Drone  
  31  3:06  Drone  
  31  3:09  Queen  
  34  3:17  Drone x2  
  34  3:18  Overlord  
  34  3:19  Overlord  
  36  3:31  Baneling Nest  
  34  3:46  Drone  
  34  3:47  Drone x6  
  41  3:54  Overlord  
  41  3:56  Drone x2  
  41  3:57  Drone  
  44  4:04  Extractor  
  44  4:05  Overlord  
  43  4:12  Queen  
  43  4:16  Drone  
  47  4:17  Drone x6  
  47  4:19  Extractor  
  47  4:21  Extractor  
  47  4:23  Spore Crawler  
  49  4:27  Spine Crawler  
  49  4:30  Drone x3  
  51  4:32  Lair  
  51  4:41  Evolution Chamber x2  
  51  4:42  Drone x2  
  51  4:43  Drone  
  51  4:44  Drone  
  51  4:45  Drone  
  54  4:47  Drone  
  55  4:58  Overlord  
  55  5:00  Zergling x12  
  55  5:01  Zergling x2  
  55  5:02  Zergling x2  
  63  5:19  Zergling x10  
  63  5:20  Zergling x4  
  70  5:23  Baneling x3  
  70  5:24  Baneling x2  
  70  5:27  Zerg Ground Armor Level 1  
  70  5:28  Zerg Melee Weapons Level 1  
  70  5:32  Zergling x6  
  70  5:33  Overlord  
  73  5:41  Spore Crawler  
  73  5:42  Centrifical Hooks, Spine Crawler  
  71  5:51  Baneling x2  
  68  6:06  Zergling x20  
  68  6:09  Overlord x2  
  67  6:21  Spire  
  67  6:22  Zergling x10  
  71  6:27  Drone x3  
  74  6:41  Drone x5  
  74  6:44  Extractor  
  78  6:51  Baneling x2  
  78  6:52  Baneling x7  
  78  6:53  Baneling  
  78  7:00  Drone x3  
  78  7:01  Drone  
  82  7:02  Overlord x3  
  66  7:27  Zergling x2  
  66  7:28  Zergling x28  
  77  7:32  Overseer  
  77  7:36  Zerg Flyer Weapons Level 1  
  77  7:45  Drone x3  
  77  7:46  Drone x4  
  77  7:47  Overseer  
  77  7:50  Baneling x3  
  77  7:51  Hatchery  
  83  7:55  Zerg Melee Weapons Level 2  
  83  7:57  Zerg Ground Armor Level 2  
  83  7:58  Mutalisk  
  83  8:01  Mutalisk  
  87  8:13  Drone x3  
  87  8:15  Baneling x2  
  87  8:16  Baneling  
  90  8:21  Mutalisk x2  
  90  8:22  Mutalisk x2  
  98  8:31  Drone x2, Infestation Pit  
  99  8:34  Zergling x4  
  99  8:35  Zergling x10  
  98  8:41  Queen  
  100  8:49  Mutalisk x3  
  104  9:08  Mutalisk x2  
  104  9:09  Zergling x10  
  104  9:10  Zergling x2  
  104  9:13  Drone  
  104  9:14  Drone  
  102  9:30  Extractor, Queen, Overlord x5  
  103  9:32  Lair  
  103  9:33  Pathogen Glands  
  103  9:34  Extractor  
  102  9:39  Overlord x2  
  102  9:51  Drone  
  102  9:52  Drone x4  
  107  9:53  Drone x2  
  107  9:54  Drone x5  
  107  9:55  Overseer  
  114  10:07  Baneling  
  114  10:08  Baneling x6  
  114  10:19  Mutalisk x5  
  114  10:20  Mutalisk, Zergling x2  
  130  10:21  Zergling x12  
  130  10:22  Zergling x2  
  121  10:33  Zergling x2  
  121  10:34  Zergling x14  
  114  10:36  Baneling x2  
  114  10:42  Baneling x2  
  112  10:44  Mutalisk  
  112  10:45  Mutalisk  
  111  10:50  Baneling x2  
  111  10:51  Baneling x2  
  111  10:52  Zergling x4  
  112  11:00  Hatchery  
  84  11:12  Zergling x22  
  84  11:13  Zergling x4  
  84  11:16  Baneling x4  
  93  11:20  Zergling x2  
  93  11:21  Spine Crawler, Zergling x2  
  93  11:24  Zergling x6  
  63  11:50  Baneling Nest  
Show
View Real Time Build Order
Export as new Build Order

Robola Terran - Winner!

Build Orders: Reaper Expand, MMM Bio 

Get SALT Encoding   

  12  0:00  Unknown, SCV  
  13  0:12  SCV  
  14  0:18  Supply Depot  
  14  0:25  SCV  
  15  0:40  SCV  
  15  0:42  Barracks  
  16  0:46  Refinery  
  16  0:52  SCV  
  17  1:04  SCV  
  18  1:16  SCV  
  19  1:28  Orbital Command  
  19  1:29  Reaper  
  20  1:47  Command Center  
  20  1:54  SCV  
  21  1:59  Barracks  
  21  2:05  Barracks Reactor  
  21  2:07  SCV  
  22  2:12  Supply Depot  
  22  2:18  Refinery  
  22  2:19  SCV  
  23  2:31  Factory  
  23  2:34  SCV  
  24  2:46  SCV  
  24  2:50  Marine x2  
  27  2:51  Barracks Tech Lab  
  26  2:59  SCV  
  26  3:01  Orbital Command  
  27  3:08  Marine x2  
  27  3:11  SCV  
  30  3:13  Stimpack  
  30  3:14  Marine  
  31  3:23  SCV  
  31  3:26  Starport  
  32  3:28  Factory Reactor  
  32  3:29  Marine  
  32  3:32  Marine  
  34  3:36  SCV  
  34  3:37  SCV  
  34  3:39  Marine  
  37  3:48  SCV  
  38  3:49  SCV  
  38  3:51  Marine x2  
  41  3:59  Supply Depot  
  41  4:00  SCV  
  41  4:01  SCV  
  43  4:04  Marine  
  43  4:09  Marine  
  45  4:10  Marine  
  45  4:16  Factory Reactor  
  46  4:20  Medivac x2, Supply Depot, SCV x2  
  46  4:21  Marine  
  53  4:27  Engineering Bay, Marine  
  54  4:33  Engineering Bay  
  54  4:41  SCV x2  
  54  4:43  Supply Depot  
  56  4:46  Marine x3  
  59  4:53  SCV x2  
  61  5:05  SCV  
  62  5:07  Marine x3  
  62  5:13  SCV  
  66  5:17  SCV  
  66  5:18  Widow Mine  
  66  5:20  Command Center  
  69  5:21  Terran Infantry Weapons Level 1  
  69  5:23  Supply Depot  
  69  5:25  Marine  
  69  5:26  Widow Mine  
  69  5:27  Marine x2, Terran Infantry Armor Level 1  
  74  5:29  Combat Shields  
  74  5:32  SCV x2  
  76  5:36  Refinery  
  76  5:43  Marine  
  76  5:44  SCV  
  76  5:45  Marine, SCV  
  80  6:07  Marine x2  
  77  6:14  SCV x2  
  79  6:25  Marine x3  
  79  6:28  Medivac x2  
  79  6:29  Barracks x3  
  79  6:31  Widow Mine x2  
  90  6:42  Supply Depot  
  90  6:46  SCV x2  
  92  6:47  Missile Turret  
  92  6:49  Missile Turret  
  92  6:51  Missile Turret  
  92  6:52  Missile Turret  
  92  6:54  Marine x3  
  92  6:58  Orbital Command  
  92  7:00  SCV x2  
  97  7:06  Supply Depot  
  97  7:12  Marine x2, SCV  
  93  7:29  Barracks Reactor  
  82  7:31  Barracks Reactor, Barracks Tech Lab  
  82  7:33  Medivac x2  
  85  7:41  Armory  
  86  7:44  Marine x2, SCV x3  
  86  7:45  Marine  
  86  7:47  Bunker  
  91  7:52  Barracks  
  91  7:53  Barracks  
  91  7:56  SCV x3  
  94  8:02  Marine x2  
  94  8:03  Medivac  
  98  8:05  Marine  
  98  8:06  Marine x3  
  98  8:07  Concussive Shells  
  98  8:08  Marine x2  
  98  8:09  SCV x3  
  107  8:19  Widow Mine  
  109  8:30  Supply Depot  
  109  8:31  Supply Depot  
  109  8:32  Supply Depot  
  109  8:47  Barracks Tech Lab  
  109  8:48  Terran Infantry Weapons Level 2, Supply Depot  
  109  8:49  Terran Infantry Armor Level 2  
  109  8:51  Widow Mine, Marine x3  
  109  8:52  Marine x6, SCV x3, Missile Turret  
  123  9:04  SCV x3  
  123  9:06  Widow Mine, Medivac  
  123  9:09  Marine x3  
  133  9:10  Marine x6  
  134  9:19  Marine  
  134  9:20  Medivac, Widow Mine, SCV x2  
  134  9:22  SCV, Supply Depot  
  141  9:31  Marine x7, Refinery  
  141  9:32  Refinery  
  141  9:33  Supply Depot  
  141  9:35  Supply Depot  
  141  9:43  Widow Mine, Marine, SCV x3  
  147  9:48  Widow Mine  
  147  9:50  Marine x5  
  147  9:51  Marine  
  149  9:54  Marine, Marauder x2  
  149  9:56  SCV x3  
  149  9:57  Liberator  
  157  10:01  Marine  
  157  10:04  Supply Depot  
  158  10:07  Supply Depot  
  158  10:08  Medivac, Marine x2, SCV x3  
  158  10:12  Supply Depot  
  158  10:13  Marine x2  
  165  10:14  Marine x2  
  165  10:15  Marine, Marauder  
  160  10:32  Marine x2  
  160  10:33  Marine x7  
  153  10:36  Marine  
  154  10:50  Marine x3  
  154  10:51  Marine x4  
  154  10:52  Barracks, Marauder x2  
  154  10:54  Barracks  
  163  11:04  Marine  
  163  11:08  Marine x5  
  163  11:09  Marine x2  
  153  11:13  Marauder x2  
  157  11:22  Marine  
  158  11:26  Marine x6  
  158  11:27  Marine  
  152  11:34  Marauder x2  
  156  11:40  Marine, Supply Depot  
  156  11:44  Marine x2  
  159  11:50  Command Center  
Tags
 
Add a new tag
Caveats
  • Supply blocks, unpowered buildings, or Contaminate may cause inaccurate times.
  • Supply counts are checked every 10 seconds.